 Dungeon Crawl Stone Soup version 0.22-a0-292-g0df9d5f (webtiles) character file.

18187 pkoi the Fencer (level 12, -6/102 HPs)
             Began as a Minotaur Gladiator on Mar 23, 2018.
             Was a High Priest of Okawaru.
             Mangled by an eight-headed hydra (12 damage)
             ... on level 1 of the Lair of Beasts.
             The game lasted 00:20:18 (13558 turns).

pkoi the Fencer (Minotaur Gladiator)               Turns: 13558, Time: 00:20:19

Health: -6/102     AC: 18    Str: 25    XL:     12   Next: 25%
Magic:  12/14      EV: 19    Int:  5    God:    Okawaru [*****.]
Gold:   333        SH:  0    Dex: 13    Spells: 9/11 levels left

rFire    . . .     SeeInvis .   q - +2 long sword (holy)
rCold    . . .     Gourm    .   (no shield)
rNeg     . . .     Faith    .   o - +5 ring mail of the Assorted Princes {Str+2}
rPois    +         Spirit   .   c - +1 hat
rElec    .         Reflect  .   y - +1 cloak
rCorr    .         Harm     .   (no gloves)
MR       +....                  p - +0 pair of boots
Stlth    ++........             (no amulet)
HPRegen  0.27/turn              m - ring of poison resistance
MPRegen  0.14/turn              K - ring of protection from magic

@: heroism
A: retaliatory headbutt, horns 2
a: Heroism, Finesse, Renounce Religion


You were on level 1 of the Lair of Beasts.
You worshipped Okawaru.
Okawaru was extremely pleased with you.
You were not hungry.

You visited 3 branches of the dungeon, and saw 14 of its levels.
You also visited: Sewer and Bailey.

You collected 522 gold pieces.
You spent 189 gold pieces at shops.

Inventory:

Hand Weapons
 a - a +0 long sword
 q - a +2 long sword of holy wrath (weapon)
Missiles
 d - 7 throwing nets
 j - 2 javelins of penetration
 A - 4 tomahawks of dispersal
 J - 2 silver javelins (quivered)
Armour
 c - a +1 hat (worn)
 o - the +5 ring mail of the Assorted Princes (worn) {Str+2}
   (You bought it in a shop on level 11 of the Dungeon)

   It affects your strength (+2).
 p - a +0 pair of boots (worn)
 y - a +1 cloak (worn)
Jewellery
 m - a ring of poison resistance (left hand)
 B - an uncursed ring of resist corrosion
 K - a ring of protection from magic (right hand)
Wands
 x - a wand of iceblast (10)
 C - a wand of flame (38)
 E - a wand of acid (12)
Scrolls
 b - a scroll of blinking
 h - 15 scrolls of teleportation
 i - 2 scrolls of identify
 k - a scroll of amnesia
 l - 4 scrolls of remove curse
 r - a scroll of fog
 t - 3 scrolls of fear
 I - a scroll of enchant armour
Potions
 e - a potion of agility
 g - a potion of invisibility
 s - 9 potions of curing
 u - a potion of mutation
 v - 4 potions of heal wounds
 w - 3 potions of might
 z - a potion of brilliance
 D - a potion of lignification
 G - a potion of haste
 H - 2 potions of flight
Comestibles
 f - 32 rations
 F - 3 chunks of flesh


   Skills:
 + Level 8.3(13.3) Fighting
 - Level 16.7(21.7) Long Blades
 + Level 6.9(11.9) Throwing
 + Level 7.8(12.8) Armour
 + Level 8.0(13.0) Dodging
 + Level 5.0 Invocations


You had 9 spell levels left.
You knew the following spells:

 Your Spells              Type           Power        Failure   Level  Hunger
a - Blink                 Tloc           N/A          73%         2    ###....


Dungeon Overview and Level Annotations

Branches:
Dungeon (12/15)            Temple (1/1) D:4            Lair (1/6) D:11
    Orc (0/2) D:9

Altars:
Ashenzari
Cheibriados
Dithmenos
Elyvilon
Fedhas
Gozag
Hepliaklqana
Kikubaaqudgha
Makhleb
Nemelex Xobeh
Okawaru
Qazlal
Ru
Sif Muna
Trog
Uskayaw
Vehumet
Wu Jian
Xom
Yredelemnul
Zin
The Shining One

Shops:
D:11 [

Portals:
Trove: D:10 (show slimy rune of Zot)

Annotations:
D:11 exclusion: orange crystal statue


Innate Abilities, Weirdness & Mutations

You reflexively headbutt those who attack you in melee.
You have a pair of horns on your head.


Message History

The eight-headed hydra closely misses you.
The eight-headed hydra barely misses you. x2
The eight-headed hydra bites you!
* * * LOW HITPOINT WARNING * * *
The eight-headed hydra barely misses you.
Throwing (i - inventory. (/) - cycle)
J - 3 silver javelins (quivered)
Press: ? - help, Shift-Dir - straight line, f/p - eight-headed hydra
Aim: an eight-headed hydra (severely wounded)
You throw a silver javelin.
The silver javelin hits the eight-headed hydra!
The eight-headed hydra is almost dead.
The eight-headed hydra bites you.
* * * LOW HITPOINT WARNING * * *
The eight-headed hydra bites you!
* * * LOW HITPOINT WARNING * * *
The eight-headed hydra misses you. x2; The eight-headed hydra bites you.
* * * LOW HITPOINT WARNING * * *
The eight-headed hydra closely misses you. x2
The eight-headed hydra bites you!
You die...

### #.######..###
................. #......
......... #.# #....# ..#
.... ##.P# #....#####.###...
...# #....#......##...
#..###....##......#...
##..#.@....#P.....##...
...#D#....##......#...
##.#.##...#......#.... ..#
#..(..###'#.######..).
...D.##.(...#...†..######...
............##.....#........
......#..8..##..†=..........
#..8. ......#..8...#........
#... .......#.....#..####...


You could see an eight-headed hydra.

Vanquished Creatures
  Harold (Lair:1)
  A two-headed ogre (D:11)
  2 unseen horrors (D:10)
  Pikel (D:9)
  A black mamba (Lair:1)
  A gargoyle (D:11)
  A queen bee (D:11)
  A tengu conjurer (D:11)
  3 trolls
  Grinder (D:5)
  3 blink frogs
  A hippogriff (D:8)
  35 yaks
  A basilisk (Lair:1)
  2 water moccasins
  A soldier ant (D:12)
  4 orc warriors
  4 porcupines
  3 sky beasts
  2 slaves (D:9)
  A necrophage (D:10)
  A black bear (D:10)
  3 phantoms
  3 centaurs
  5 ogres
  5 crocodiles
  A big kobold (D:11)
  Blork the orc (D:6)
  A gnoll sergeant (D:10)
  11 bullfrogs
  3 scorpions
  23 killer bees
  The ghost of Skripe the Shooter, a weakling DgAM (D:3)
  5 wights (D:11)
  2 howler monkeys
  6 crimson imps
  2 bullfrog zombies (D:5)
  3 centaur zombies
  2 bullfrog skeletons
  4 orc priests (D:10)
  2 gnoll shamans
  6 hounds
  2 jellies
  10 orc wizards
  6 worker ants
  A hound zombie (D:9)
  A worker ant zombie (D:8)
  17 gnolls
  5 river rats (Sewer)
  20 adders
  3 shadow imps
  5 oozes
  An adder skeleton (D:5)
  2 adder zombies
  2 worms
  A dart slug (D:1)
  3 leopard geckos
  16 orcs
  6 giant cockroaches
  2 goblins (D:1)
  11 hobgoblins
  18 jackals
  6 quokkas
  14 ball pythons
  4 bats (D:1)
  2 frilled lizards (Sewer)
  20 kobolds
  27 rats
365 creatures vanquished.

Vanquished Creatures (others)
  10 fungi (D:11)
  8 plants (D:11)
18 creatures vanquished.

Grand Total: 383 creatures vanquished

Notes
Turn   | Place    | Note
-------+----------+-------------------------------------------
     0 | D:1      | pkoi the Minotaur Gladiator began the quest for the Orb.
     0 | D:1      | Reached XP level 1. HP: 18/18 MP: 0/0
    48 | D:1      | Reached skill level 4 in Long Blades
    98 | D:1      | Reached XP level 2. HP: 25/25 MP: 1/1
   285 | D:1      | Reached skill level 5 in Long Blades
   369 | D:1      | Reached XP level 3. HP: 27/30 MP: 2/2
   718 | D:2      | Reached XP level 4. HP: 13/37 MP: 3/3
   719 | D:2      | Reached skill level 6 in Long Blades
  1240 | D:3      | Found a burning altar of Makhleb.
  1250 | D:3      | Reached XP level 5. HP: 39/42 MP: 4/4
  1292 | D:3      | Reached skill level 7 in Long Blades
  1426 | D:3      | Noticed Skripe's ghost (weakling DgAM)
  1651 | D:3      | Found an ornate altar of the Wu Jian Council.
  1824 | D:3      | Found a hazy altar of Hepliaklqana.
  1825 | D:3      | Found a basalt altar of Yredelemnul.
  1850 | D:3      | Killed Skripe's ghost
  2173 | D:4      | Reached skill level 8 in Long Blades
  2177 | D:4      | Reached XP level 6. HP: 41/50 MP: 5/5
  2249 | D:4      | Reached skill level 9 in Long Blades
  2468 | D:4      | Found a staircase to the Ecumenical Temple.
  2493 | Temple   | Entered the Ecumenical Temple
  2727 | Temple   | Became a worshipper of Warmaster Okawaru
  2852 | D:4      | Reached XP level 7. HP: 45/56 MP: 6/6
  3327 | D:5      | Entered Level 5 of the Dungeon
  3411 | D:5      | Reached skill level 10 in Long Blades
  3852 | D:5      | Reached * piety under Okawaru
  3871 | D:5      | Learned a level 2 spell: Blink
  3943 | D:5      | Noticed Grinder
  3953 | D:5      | Killed Grinder
  3953 | D:5      | Reached skill level 11 in Long Blades
  3953 | D:5      | Reached XP level 8. HP: 37/62 MP: 7/7
  4103 | D:6      | Found a blossoming altar of Fedhas.
  4123 | D:6      | Noticed Blork the orc
  4375 | D:6      | Reached skill level 12 in Long Blades
  4458 | D:6      | Found a glowing drain.
  4482 | Sewer    | Entered a sewer
  4918 | Sewer    | Reached ** piety under Okawaru
  5002 | D:6      | Killed Blork the orc
  5002 | D:6      | Reached skill level 13 in Long Blades
  5131 | D:6      | Found an ancient bone altar of Kikubaaqudgha.
  5131 | D:6      | Found a deep blue altar of Sif Muna.
  5133 | D:6      | Found a radiant altar of Vehumet.
  5154 | D:6      | Identified Kikubaaqudgha's Tome of Darkness
  5413 | D:7      | Reached XP level 9. HP: 68/68 MP: 8/8
  5464 | D:7      | Reached skill level 14 in Long Blades
  6128 | D:8      | Reached *** piety under Okawaru
  6477 | D:8      | Reached skill level 15 in Long Blades
  6543 | D:8      | Found a bloodstained altar of Trog.
  6779 | D:9      | Found a flagged portal.
  6788 | Bailey   | Entered a bailey
  7015 | Bailey   | HP: 3/68 [gnoll sergeant/glaive (6)]
  7041 | D:9      | Reached skill level 16 in Long Blades
  7062 | D:9      | Reached **** piety under Okawaru
  7062 | D:9      | Reached XP level 10. HP: 9/74 MP: 9/9
  7839 | D:9      | Found a staircase to the Orcish Mines.
  7851 | D:9      | Received a gift from Okawaru
  7909 | D:9      | You fall through a shaft for 3 floors!
  8053 | D:12     | Reached skill level 1 in Armour
  8259 | D:12     | HP: 1/78 [something (8)]
  8588 | D:11     | Received a gift from Okawaru
  8703 | D:11     | Reached skill level 5 in Dodging
  8977 | D:11     | Got a brightly glowing short sword
  9003 | D:11     | Reached skill level 5 in Fighting
  9011 | D:11     | Identified the +1 short sword "Ossirghu" {flame, Dex+2} (You found it on level 11 of the Dungeon)
  9368 | D:11     | Noticed an orange crystal statue
  9424 | D:11     | Found Giogot's Antique Armour Emporium.
  9432 | D:11     | Bought a faintly humming ring mail for 189 gold pieces
  9432 | D:11     | Identified the +5 ring mail of the Assorted Princes {Str+2} (You bought it in a shop on level 11 of the Dungeon)
  9502 | D:11     | Noticed a gargoyle
  9509 | D:11     | Killed a gargoyle
  9509 | D:11     | Reached ***** piety under Okawaru
  9552 | D:11     | Received a gift from Okawaru
  9665 | D:11     | Noticed a two-headed ogre
  9676 | D:11     | Killed a two-headed ogre
  9676 | D:11     | Reached skill level 1 in Invocations
  9676 | D:11     | Reached XP level 11. HP: 52/88 MP: 7/10
  9677 | D:11     | Reached skill level 5 in Armour
  9696 | D:11     | Found a staircase to the Lair.
  9857 | D:11     | Reached skill level 5 in Throwing
 10298 | D:10     | Entered Level 10 of the Dungeon
 10408 | D:10     | Found a bloodstained altar of Trog.
 10719 | D:10     | Killed an unseen horror
 10719 | D:10     | Received a gift from Okawaru
 11033 | D:10     | Killed an unseen horror
 11398 | D:10     | Found a portal to a secret trove of treasure.
 11485 | D:10     | Got a transparent short sword
 11486 | D:10     | Identified the cursed +0 short sword of Kismet {pierce, *Noise rC+ Int+5 Dex+2} (You found it on level 10 of the Dungeon)
 12150 | D:9      | Noticed Pikel
 12161 | D:9      | Killed Pikel
 12550 | Lair:1   | Entered Level 1 of the Lair of Beasts
 12743 | D:11     | Reached XP level 12. HP: 71/101 MP: 14/14
 12921 | Lair:1   | Received a gift from Okawaru
 13485 | Lair:1   | Noticed Harold
 13498 | Lair:1   | Killed Harold
 13513 | Lair:1   | Reached skill level 5 in Invocations
 13545 | Lair:1   | Noticed an eight-headed hydra
 13558 | Lair:1   | Mangled by an eight-headed hydra

Vault maps used:
D:1:      dpeg_arrival_pond, minmay_hedge_maze
D:3:      old_standard_altar, gammafunk_temple_overflow_statue, first_ration,
          makhleb_heckhound_becter
D:4:      minmay_temple_entry_mist
D:5:      uniq_grinder
D:6:      grunt_temple_overflow_magic_moments, portal_sewer_entry_b,
          fedhas_altar_1, uniq_blork_the_orc
D:8:      lightli_temple_of_fire
D:9:      minmay_weird_star, enter_bailey_2, uniq_pikel
D:10:     nicolae_trove_entry_diagonal, trog_book
D:11:     grunt_lair_entry_orc_guard_hut, serial_shops,
          nicolae_shop_behind_doors, david_nohive_1, minivault_16
Temple:   regret_index_temple_generic_petals
Lair:1:   grunt_megastairs_3, uniq_harold
Sewer:    sewer_minmay_w
Bailey:   bailey_polearm_gnolls_kennysheep, bailey

Skill      XL: |  1  2  3  4  5  6  7  8  9 10 11 12 |
---------------+-------------------------------------+-----
Long Blades    | 4 5 6 8 9 11 13 16 | 16.7
Armour         | 4 7 |  7.8
Fighting       | 5 7 8 |  8.3
Dodging        | 5 7 8 |  8.0
Throwing       | 4 6 |  6.9
Invocations    | 1 4 5 |  5.0

Action                   |  1- 3 |  4- 6 |  7- 9 | 10-12 || total
-------------------------+-------+-------+-------+-------++-------
Melee: Long sword        |    63 |   142 |   388 |   508 ||  1101
       Headbutt          |    12 |    23 |    66 |   151 ||   252
       Punch             |       |       |     1 |     4 ||     5
Throw: Javelin           |       |       |       |     6 ||     6
Invok: Heroism           |       |       |     1 |    10 ||    11
  Use: Scroll            |     5 |     5 |     6 |     8 ||    24
       Potion            |     2 |     2 |     9 |     1 ||    14
  Eat: Chunk             |       |     6 |    14 |    21 ||    41
Armor: Leather armour    |    15 |    13 |       |       ||    28
       Chain mail        |       |    77 |   198 |     9 ||   284
       Skin              |       |       |    15 |     3 ||    18
       Plate armour      |       |       |       |    76 ||    76
       Ring mail         |       |       |       |   146 ||   146
Dodge: Dodged            |    55 |    94 |   207 |   345 ||   701
       Rpst.: Long sword |    16 |    32 |    55 |    72 ||   175

Table legend:
 A = Spawn XP
 B = Non-spawn XP
 C = Spawn XP percentage of total XP
 D = Spawn monster count
 E = Non-spawn monster count
 F = Spawn count percentage of total count
 G = Total turns spent on level
                    A         B        C        D         E        F      G
               +---------+---------+-------+---------+---------+-------+---------
         Total |       0 |   25982 |   0.0 |       0 |     363 |   0.0 | 13558
               +---------+---------+-------+---------+---------+-------+---------
           D:1 |       0 |      50 |   0.0 |       0 |      27 |   0.0 |   668
           D:2 |       0 |     107 |   0.0 |       0 |      24 |   0.0 |   740
           D:3 |       0 |     160 |   0.0 |       0 |      19 |   0.0 |   933
           D:4 |       0 |     502 |   0.0 |       0 |      19 |   0.0 |   729
           D:5 |       0 |     626 |   0.0 |       0 |      20 |   0.0 |   955
           D:6 |       0 |     762 |   0.0 |       0 |      17 |   0.0 |   515
           D:7 |       0 |     447 |   0.0 |       0 |       8 |   0.0 |   681
           D:8 |       0 |    1182 |   0.0 |       0 |      16 |   0.0 |   852
           D:9 |       0 |    4672 |   0.0 |       0 |      39 |   0.0 |  1399
          D:10 |       0 |    4262 |   0.0 |       0 |      40 |   0.0 |  1684
          D:11 |       0 |    6928 |   0.0 |       0 |      55 |   0.0 |  2363
          D:12 |       0 |    1265 |   0.0 |       0 |       5 |   0.0 |   352
        Lair:1 |       0 |    4490 |   0.0 |       0 |      19 |   0.0 |   720
         Sewer |       0 |     350 |   0.0 |       0 |      48 |   0.0 |   480
        Bailey |       0 |     179 |   0.0 |       0 |       7 |   0.0 |   230
               +---------+---------+-------+---------+---------+-------+---------
